 Dungeon Crawl Stone Soup version 0.30.0-10-gfe55d96785 (webtiles) character file.

Game seed: 10835947312705459664

41 Byczy the Chiller (level 3, -2/19 HPs)
             Began as a Deep Elf Ice Elementalist on May 15, 2023.
             Slain by a phantom (5 damage)
             ... on level 3 of the Dungeon.
             The game lasted 00:11:08 (1396 turns).

Byczy the Chiller (Deep Elf Ice Elementalist)       Turns: 1396, Time: 00:11:08

Health: -2/19      AC:  3    Str:  5    XL:     3   Next: 32%
Magic:  3/10       EV: 12    Int: 21    God:
Gold:   140        SH:  0    Dex: 15    Spells: 8/9 levels left

rFire   . . .        d - +0 dagger (elec)
rCold   + . .        e - orb {mayhem}
rNeg    . . .        a - +0 robe
rPois   .            (no helmet)
rElec   .            l - +0 cloak
rCorr   .            (no gloves)
SInv    .            (no boots)
Will    .....        (no amulet)
Stlth   ++           n - ring of protection from cold
HPRegen 0.23/turn    (no ring)
MPRegen 0.12/turn

%: mayhem
@: no status effects
A: no striking features
a: no special abilities


You were on level 3 of the Dungeon.
You visited 1 branch of the dungeon, and saw 3 of its levels.

You collected 140 gold pieces.

Inventory:

Hand Weapons
 d - a +0 dagger of electrocution (weapon)
 i - a +0 short sword of venom
 q - a +1 sling of freezing
Missiles
 m - 5 silver javelins
Armour
 a - a +0 robe (worn)
 e - an orb of mayhem (worn)
 l - a +0 cloak (worn)
 o - a +0 chain mail of cold resistance
 p - a +0 pair of gloves
 s - a +0 cloak
 t - a +0 pair of boots
Jewellery
 n - a ring of protection from cold (left hand)
Scrolls
 f - 3 scrolls of identify {unknown}
 k - 2 scrolls of magic mapping {unknown}
 r - a scroll of acquirement {unknown}
Potions
 b - 2 potions of magic
 c - a potion of haste {unknown}
 g - 3 potions of curing
 h - a potion of degeneration {unknown}
 j - a potion of brilliance {unknown}
 u - a potion of heal wounds {unknown}


   Skills:
 + Level 0.1 Fighting
 + Level 2.4 Dodging
 + Level 2.6 Stealth
 + Level 3.8 Spellcasting
 + Level 5.2 Ice Magic


You had 8 spell levels left.
You knew the following spells:

 Your Spells              Type           Power      Damage    Failure   Level
a - Freeze                Ice            100%       1d10      1%          1

Your spell library contained the following spells:

 Spells                   Type           Power      Damage    Failure   Level
 Frozen Ramparts          Ice            50%        1d8       4%          3
 Ozocubu's Armour         Ice            25%        N/A       4%          3
 Vhi's Electric Charge    Tloc/Air       8%         N/A       36%         3
 Summon Ice Beast         Ice/Summ       14%        N/A       38%         4
 Arcjolt                  Conj/Air       2%         1d12      98%         5
 Maxwell's Capacitive Co  Air            2%         ∞         100%        8


Dungeon Overview and Level Annotations

Branches:
Dungeon (3/15)

Altars:

Shops:
D:2 [


Message History

Confirm with . or Enter, or press ? or * to list all spells.
Aiming: Freeze (safe; 1% risk of failure)
Press: ? - help, Shift-Dir - straight line, f/p - phantom
Aim: a phantom (lightly damaged)
You freeze the phantom but do no damage.
The phantom completely resists.
The phantom hits you but does no damage.
Unknown command.
Casting: Freeze (safe; 1% risk of failure)
Confirm with . or Enter, or press ? or * to list all spells.
Aiming: Freeze (safe; 1% risk of failure)
Press: ? - help, Shift-Dir - straight line, f/p - phantom
Aim: a phantom (lightly damaged)
You freeze the phantom.
The phantom resists.
The phantom is moderately damaged.
The phantom hits you.
The phantom blinks!
You blink.
Found 12 gold pieces and a scroll labelled BYRRUIPSEO.
You hit the phantom but do no damage. Lightning courses through the phantom!
The phantom is severely damaged.
The phantom hits you.
You barely miss the phantom.
The phantom is severely damaged.
The phantom completely misses you.
You closely miss the phantom.
The phantom is severely damaged.
The phantom barely misses you.
You barely miss the phantom.
The phantom is severely damaged.
The phantom hits you.
The phantom blinks!
You blink.
You miss the phantom.
The phantom is severely damaged.
The phantom hits you.
You closely miss the phantom.
The phantom is severely damaged.
The phantom hits you.
* * * LOW HITPOINT WARNING * * *
You barely miss the phantom.
The phantom is severely damaged.
The phantom hits you.
You die...

...? #..#........
#..##.........##
##.............#
..........######
##....#.#....#
##.........#.....
.........#..##### #
...###......#####..###
.## ##...#..W@......#
#.....###....#.#
##..... .##...#
####...$.. ..# ####..#
# #.. ... ##.


You could see a phantom.

Vanquished Creatures
  4 dart slugs
  4 bats
  2 endoplasms (D:1)
  2 giant cockroaches (D:1)
  2 goblins (D:2)
  3 hobgoblins (D:1)
  3 quokkas
  2 ball pythons (D:1)
  A frilled lizard (D:2)
  5 kobolds (D:1)
  A rat (D:1)
29 creatures vanquished.

Vanquished Creatures (collateral kills)
  A bat (D:2)
1 creature vanquished.

Grand Total: 30 creatures vanquished

Notes
Turn   | Place    | Note
-------+----------+-------------------------------------------
     0 | D:1      | Byczy the Deep Elf Ice Elementalist began the quest for the
                  | Orb.
     0 | D:1      | Reached XP level 1. HP: 10/10 MP: 6/6
   113 | D:1      | Reached XP level 2. HP: 15/15 MP: 4/8
   426 | D:1      | Reached skill level 5 in Ice Magic
   935 | D:2      | Reached XP level 3. HP: 19/19 MP: 6/10
  1048 | D:2      | Found a transporter.
  1053 | D:2      | Found Geggeloj's Antique Armour Shoppe.
  1055 | D:2      | Found a transporter.
  1374 | D:3      | Noticed a phantom
  1396 | D:3      | Slain by a phantom

Illustrated notes

Levels and vault maps discovered:
D:1:      roderic_crop_circles_arrival_small, layout_basic
D:2:      layout_rooms, serial_shops, nicolae_shop_drivethru
D:3:      layout_rooms, nicolae_wu_jian_wuxing_cycle, marbit_many_paths,
          nicolae_eternal_life

Skill      XL: |  1  2 |
---------------+-------+-----
Ice Magic      | 5 |  5.2
Fighting       | |  0.1
Dodging        | |  2.4
Stealth        | |  2.6
Spellcasting   | |  3.8

Action                     || total
---------------------------++-------
  Melee: Dagger            ||     9
   Cast: Freeze            ||    56
    Use: Potion            ||     1
 Armour: Robe              ||    10
  Dodge: Dodged            ||    21
